 Dungeon Crawl Stone Soup version 0.19.4-8-ga85b6b9 (webtiles) character file.

4794 mspillars the Protected (level 10, -5/88 HPs)
             Began as a Minotaur Fighter on Feb 8, 2017.
             Was a Believer of Nemelex Xobeh.
             Slain by Urug
             ... wielding a +7 broad axe of flaming
              (13 damage)
             ... on level 10 of the Dungeon.
             The game lasted 01:55:11 (9331 turns).

mspillars the Protected (Minotaur Fighter)          Turns: 9331, Time: 01:55:11

Health: -5/88      AC: 10    Str: 28    XL:     10   Next: 24%
Magic:  10/10      EV: 11    Int:  5    God:    Nemelex Xobeh [**....]
Gold:   417        SH: 13    Dex: 11    Spells: 0 memorised, 9 levels left

rFire  . . .     SeeInvis .     t - +4 scimitar
rCold  . . .     Gourm    +     v - +2 scale mail {rPois}
rNeg   . . .     Faith    .     c - +1 shield
rPois  +         Spirit   .     (helmet restricted)
rElec  .         Reflect  .     (no cloak)
rCorr  .         Harm     .     (no gloves)
MR     .....                    (no boots)
Stlth  ..........               D - amulet of the gourmand
                                (no ring)
                                (no ring)

@: mighty, lethally poisoned (-5 -> -10)
A: retaliatory headbutt, horns 2
a: Renounce Religion


You were on level 10 of the Dungeon.
You worshipped Nemelex Xobeh.
Nemelex Xobeh was pleased with you.
You were not hungry.

You visited 1 branch of the dungeon, and saw 11 of its levels.

You collected 417 gold pieces.

Inventory:

Hand Weapons
 a - a +0 long sword
 l - a +2 hand axe of draining
 r - a +0 spear of piercing
 t - a +4 scimitar (weapon)
Missiles
 H - 38 sling bullets
 I - 3 large rocks
 J - 14 bolts
Armour
 b - a +0 scale mail
 c - a +1 shield (worn)
 k - a +0 large shield
 v - a +2 scale mail of poison resistance (worn)
 w - a +0 pair of boots
Jewellery
 D - an amulet of the gourmand (around neck)
Wands
 i - a wand of random effects (11/48)
 s - a wand of flame (0/48)
 x - a wand of iceblast (2/15)
 L - a wand of confusion (21/48)
Scrolls
 e - a scroll of fog
 m - 3 scrolls of remove curse
 y - a scroll of magic mapping
Potions
 d - a potion of might
 h - a potion of flight {unknown}
 j - a potion of ambrosia
 o - 2 potions of mutation
 p - a potion of haste {unknown}
 z - 3 potions of brilliance {unknown}
 A - a potion of degeneration {unknown}
 C - a potion of agility {unknown}
Books
 u - a book of Maledictions

   Spells                             Type                      Level
   a - Corona                         Hexes                        1
   b - Ensorcelled Hibernation        Hexes/Ice                    2
   c - Confuse                        Hexes                        3
   d - Tukima's Dance                 Hexes                        3
   e - Dazzling Spray                 Conjuration/Hexes            3
 G - a book of Clouds

   Spells                             Type                      Level
   a - Mephitic Cloud                 Conjuration/Poison/Air       3
   b - Conjure Flame                  Conjuration/Fire             3
   c - Poisonous Cloud                Conjuration/Poison/Air       6
   d - Freezing Cloud                 Conjuration/Ice/Air          6
   e - Ring of Flames                 Charms/Fire                  7
Miscellaneous
 n - a plain deck of destruction {drawn: 8}
 E - a plain deck of summoning {drawn: 8}
Comestibles
 f - 3 bread rations
 g - 3 meat rations
 q - a beef jerky
 F - 5 fruits


   Skills:
 * Level 8.1 Fighting
 * Level 5.2 Long Blades
 - Level 6.8 Axes
 + Level 8.7 Armour
 * Level 5.9 Dodging
 + Level 1.2 Stealth
 + Level 7.9 Shields
 * Level 5.2 Unarmed Combat
 + Level 1.4 Invocations
 + Level 0.3 Evocations


You had 9 spell levels left.
You didn't know any spells.

Dungeon Overview and Level Annotations

Branches:
Dungeon (11/15)
 Temple: D:4-7         Lair: D:8-11         Orc: D:9-12

Altars:
Hepliaklqana
Nemelex Xobeh
Qazlal
Vehumet
Yredelemnul
Zin

Annotations:
D:3 Robin
D:10 Harold, Urug


Innate Abilities, Weirdness & Mutations

You reflexively headbutt those who attack you in melee.
You have a pair of horns on your head.


Message History

* * * LOW HITPOINT WARNING * * *
There is a stone staircase leading down, spattered with blood here.
Items here: ))) [ a club; a mace; a leather armour; a club
As you read the scroll labeled JIGEDU IFEST, it crumbles to dust.
It is a scroll of amnesia.
You feel forgetful for a moment.
You feel sick.
Urug hits you with a broad axe of flaming.
* * * LOW HITPOINT WARNING * * *
Urug burns you.
* * * LOW HITPOINT WARNING * * *
You block Harold's attack. The yak closely misses you. You furiously retaliate!
You headbutt the yak!
Unknown command.
You draw a card...
It is Wild Magic.
The yak is blasted with sand!
The yak dies!
You feel a surge of magic.
You feel your power returning.
You feel sick.
Urug hits you with a broad axe of flaming!
You die...
Your body glows slightly and disappears.

#.# #o# # #.# #o# #
#####.###### #.# #
.........> .o# # ......
.....# #..# #..
################..# ###
...............o.<#
#....###########@## ####.#
#@# #.# #)###### #.#
#[.....# #.# #.####.# #.#
#.# ####### #.# ####.#
#.....# #.########.##.###
#.....#
#.....(.(...#.#.######+###'#


You could see Harold and Urug.

Vanquished Creatures
  4 hippogriffs
  6 yaks
  A hungry ghost (D:10)
  2 orc warriors
  A black bear (D:10)
  An ice beast (D:6)
  A sky beast (D:8)
  A phantom (D:9)
  An ogre (D:9)
  4 centaurs
  A big kobold (D:10)
  4 bullfrogs
  A gnoll sergeant (D:5)
  2 killer bees (D:9)
  4 wights (D:9)
  A howler monkey (D:4)
  A crimson imp (D:9)
  2 hounds
  A bullfrog zombie (D:10)
  2 orc wizards
  An orc priest (D:5)
  Jessica (D:3)
  Ijyb (D:3)
  5 worker ants
  12 gnolls
  5 adders
  2 shadow imps
  An ooze (D:1)
  An adder zombie (D:5)
  A worm (D:3)
  2 dart slugs (D:2)
  2 leopard geckos (D:5)
  17 orcs
  2 ball pythons (D:4)
  7 bats
  7 giant cockroaches
  4 goblins (D:1)
  19 hobgoblins
  14 jackals
  3 quokkas
  3 frilled lizards
  8 kobolds
  A leopard gecko zombie (D:5)
  3 rats
163 creatures vanquished.

Vanquished Creatures (collateral kills)
  Prince Ribbit (D:8)
  A redback (D:10)
  A yak (D:11)
  An orc warrior (D:10)
  An ogre (D:8)
  A centaur (D:8)
  2 killer bees (D:9)
  A howler monkey (D:5)
  A quasit (D:5)
  2 orc priests
  2 hounds
  An orc wizard (D:8)
  7 orcs
  A giant cockroach (D:5)
  2 jackals (D:5)
25 creatures vanquished.

Vanquished Creatures (others)
  A yak (D:10)
  A goblin (D:2)
2 creatures vanquished.

Grand Total: 190 creatures vanquished

Notes
Turn   | Place    | Note
-------+----------+-------------------------------------------
     0 | D:1      | mspillars the Minotaur Fighter began the quest for the Orb.
     0 | D:1      | Reached XP level 1. HP: 19/19 MP: 0/0
   304 | D:1      | Reached XP level 2. HP: 24/27 MP: 1/1
   810 | D:1      | Reached XP level 3. HP: 33/33 MP: 2/2
  1427 | D:2      | Found a radiant altar of Vehumet.
  1511 | D:2      | Reached XP level 4. HP: 40/40 MP: 3/3
  1589 | D:2      | Reached skill level 1 in Axes
  1898 | D:2      | You fall through a shaft!
  1910 | D:3      | Noticed Robin
  2052 | D:3      | Found a basalt altar of Yredelemnul.
  2255 | D:3      | Reached skill level 1 in Unarmed Combat
  2307 | D:3      | Noticed Jessica
  2311 | D:3      | Noticed Ijyb
  2314 | D:3      | Killed Jessica
  2314 | D:3      | Reached skill level 5 in Armour
  2314 | D:3      | Reached XP level 5. HP: 33/46 MP: 4/4
  2327 | D:3      | Killed Ijyb
  2574 | D:3      | Found a sparkling altar of Nemelex Xobeh.
  2574 | D:3      | Found a glowing silver altar of Zin.
  2594 | D:3      | Became a worshipper of Nemelex Xobeh the Trickster
  2744 | D:4      | Received a gift from Nemelex Xobeh
  3121 | D:4      | Reached skill level 5 in Shields
  3121 | D:4      | Reached XP level 6. HP: 45/53 MP: 5/5
  3454 | D:4      | Reached skill level 1 in Dodging
  3614 | D:5      | Entered Level 5 of the Dungeon
  3714 | D:6      | Received a gift from Nemelex Xobeh
  3831 | D:5      | Reached * piety under Nemelex Xobeh
  3842 | D:5      | Reached XP level 7. HP: 50/60 MP: 6/6
  4384 | D:5      | Reached skill level 5 in Fighting
  4771 | D:6      | Found a stormy altar of Qazlal.
  4933 | D:6      | Noticed a rust devil
  5484 | D:8      | Noticed a hippogriff
  5493 | D:8      | Killed a hippogriff
  5493 | D:8      | Reached XP level 8. HP: 48/69 MP: 7/7
  5527 | D:8      | Noticed a hippogriff
  5551 | D:8      | Killed a hippogriff
  5551 | D:8      | Reached skill level 5 in Axes
  5744 | D:8      | Received a gift from Nemelex Xobeh
  5937 | D:8      | Noticed Prince Ribbit
  5970 | D:8      | Killed Prince Ribbit
  6360 | D:8      | Reached ** piety under Nemelex Xobeh
  6491 | D:8      | Reached skill level 1 in Invocations
  6537 | D:9      | Reached skill level 1 in Stealth
  6537 | D:9      | Reached XP level 9. HP: 53/78 MP: 8/8
  6752 | D:9      | Reached skill level 5 in Dodging
  7723 | D:9      | Found a hazy altar of Hepliaklqana.
  7815 | D:10     | Entered Level 10 of the Dungeon
  8280 | D:9      | Reached XP level 10. HP: 44/88 MP: 9/9
  8631 | D:10     | Reached skill level 5 in Unarmed Combat
  9084 | D:10     | Noticed an orc knight
  9088 | D:10     | an orc knight changed into a redback
  9281 | D:10     | Noticed Urug
  9316 | D:11     | Noticed Harold
  9323 | D:11     | Reached skill level 5 in Long Blades
  9331 | D:10     | Slain by Urug

Skill      XL: |  1  2  3  4  5  6  7  8  9 10 |
---------------+-------------------------------+-----
Armour         | 4 5 6 7 8 |  8.7
Long Blades    | 3 5 |  5.2
Shields        | 4 5 6 7 |  7.9
Fighting       | 4 5 6 7 8 |  8.1
Axes           | 1 2 3 4 5 6 |  6.8
Unarmed Combat | 1 2 3 4 5 |  5.2
Dodging        | 1 3 4 5 |  5.9
Invocations    | 1 |  1.4
Stealth        | 1 |  1.2
Evocations     | |  0.3

Action                   |  1- 3 |  4- 6 |  7- 9 | 10-12 || total
-------------------------+-------+-------+-------+-------++-------
Melee: Long sword        |    42 |       |       |       ||    42
       Headbutt          |    10 |    21 |    49 |    19 ||    99
       Hand axe          |    29 |   145 |   190 |       ||   364
       Scimitar          |       |       |    23 |    64 ||    87
Evoke: Deck              |       |     2 |     9 |     9 ||    20
       Wand              |       |       |     6 |     3 ||     9
  Use: Scroll            |     3 |     8 |     8 |     1 ||    20
       Potion            |       |       |     3 |     3 ||     6
  Eat: Chunk             |     1 |     1 |     7 |       ||     9
       Meat ration       |     1 |     1 |     2 |       ||     4
Armor: Scale mail        |    65 |    79 |    89 |    35 ||   268
Dodge: Dodged            |    35 |    63 |    93 |    31 ||   222
Block: Shield            |    64 |   104 |   146 |    46 ||   360
       Rpst.: Long sword |     5 |       |       |       ||     5
       Scimitar          |       |       |     4 |     7 ||    11
